 Dungeon Crawl Stone Soup version 0.22.1-5-g62c59d9 (webtiles) character file.

217 nicolaieve the Cudgeler (level 5, 0/46 HPs)
             Began as a Minotaur Berserker on Jan 12, 2019.
             Was a Priest of Trog.
             Blown up by Ijyb (18 damage)
             ... with a wand of disintegration (6)
             ... on level 3 of the Dungeon.
             The game lasted 00:08:14 (1948 turns).

nicolaieve the Cudgeler (Minotaur Berserker)        Turns: 1948, Time: 00:08:15

Health: 0/46       AC:  6    Str: 21    XL:     5   Next: 61%
Magic:  4/4        EV: 10    Int:  4    God:    Trog [***...]
Gold:   118        SH:  3    Dex: 11    Spells: 4/4 levels left

rFire    . . .     SeeInvis .   a - +0 mace
rCold    . . .     Gourm    .   d - +0 buckler
rNeg     + . .     Faith    .   s - +0 scale mail
rPois    .         Spirit   .   (helmet restricted)
rElec    .         Reflect  .   (no cloak)
rCorr    .         Harm     .   (no gloves)
MR       .....                  (no boots)
Stlth    +.........             (no amulet)
HPRegen  0.15/turn              b - ring of stealth
MPRegen  0.09/turn              t - ring of positive energy

@: no status effects
A: retaliatory headbutt, horns 2
a: Berserk, Trog's Hand, Renounce Religion


You were on level 3 of the Dungeon.
You worshipped Trog.
Trog was most pleased with you.
You were not hungry.

You visited 1 branch of the dungeon, and saw 3 of its levels.

You collected 118 gold pieces.

Inventory:

Hand Weapons
 a - a +0 mace (weapon)
Missiles
 e - 61 stones (quivered)
Armour
 d - a +0 buckler (worn)
 s - a +0 scale mail (worn)
Jewellery
 b - a ring of stealth (left hand)
 t - a ring of positive energy (right hand)
Scrolls
 f - a scroll of blinking {unknown}
 g - 4 scrolls of remove curse {unknown}
 h - a scroll of fog {unknown}
 j - a scroll of enchant weapon {unknown}
 l - 2 scrolls of identify {unknown}
 o - a scroll of magic mapping {unknown}
 q - a scroll of immolation {unknown}
 r - a scroll of noise {unknown}
Potions
 i - 2 potions of flight {unknown}
 k - 2 potions of curing {unknown}
 m - a potion of magic {unknown}
 n - a potion of haste {unknown}
 u - a potion of mutation {unknown}
 v - a potion of berserk rage {unknown}
Comestibles
 c - 5 rations
 p - 9 chunks of flesh


   Skills:
 - Level 4.1 Fighting
 + Level 7.2 Maces & Flails
 - Level 2.7 Armour
 - Level 2.4 Dodging
 * Level 0.4 Shields


You had 4 spell levels left.
You didn't know any spells.
Your spell library was empty.

Dungeon Overview and Level Annotations

Branches:
Dungeon (3/15)

Altars:

Annotations:
D:3 Ijyb


Innate Abilities, Weirdness & Mutations

You reflexively headbutt those who attack you in melee.
You have a pair of horns on your head.


Message History

Ijyb is lightly wounded.
Ijyb hits you with a club.
You barely miss Ijyb. Your headbutt misses Ijyb.
Ijyb is lightly wounded.
Ijyb hits you with a club.
You barely miss Ijyb.
Ijyb is lightly wounded.
Ijyb hits you but does no damage.
You sock Ijyb!
Ijyb is heavily wounded.
You hit Ijyb. You headbutt Ijyb.
Ijyb is severely wounded.
Ijyb hits you but does no damage.
You hit Ijyb.
Ijyb is almost dead.
Ijyb hits you with a club.
You closely miss Ijyb. You headbutt Ijyb, but do no damage.
Ijyb is almost dead.
Ijyb zaps a wand.
You are blasted!
Ijyb zaps a wand.
You are blasted!
You die...

..# #.........### ######.
#.# #.........##. .......
###.###.........##. .....r.
................##. .?...g.
##.###.........##. ?...g..
#.###.........### ......(
#>...............
.......####.###.........#..
#...)@...#####.###.#.#
#..[g.................
#........#####.###.#.#
#........# #.###.#..
#........# #......(#
#........# #........
#........# #.......#
#........# #.....[.#
#........# #.#######


You could see Ijyb.

Vanquished Creatures
  7 gnolls
  5 adders
  3 worms
  3 dart slugs
  4 leopard geckos
  A giant cockroach (D:1)
  14 goblins
  4 hobgoblins
  5 jackals
  8 kobolds
  A quokka (D:3)
  A ball python (D:3)
  15 bats
  6 frilled lizards
  17 rats
94 creatures vanquished.

Notes
Turn   | Place    | Note
-------+----------+-------------------------------------------
     0 | D:1      | nicolaieve the Minotaur Berserker began the quest for the
                  | Orb.
     0 | D:1      | Reached XP level 1. HP: 19/19 MP: 0/0
    20 | D:1      | Reached skill level 4 in Maces & Flails
    20 | D:1      | Reached XP level 2. HP: 4/27 MP: 1/1
   212 | D:1      | Reached ** piety under Trog
   245 | D:1      | Reached XP level 3. HP: 24/33 MP: 2/2
   635 | D:2      | Reached skill level 5 in Maces & Flails
   736 | D:2      | Reached XP level 4. HP: 33/40 MP: 3/3
   748 | D:2      | Reached skill level 6 in Maces & Flails
   918 | D:2      | Reached *** piety under Trog
   981 | D:2      | Reached XP level 5. HP: 46/46 MP: 4/4
  1385 | D:3      | Reached skill level 7 in Maces & Flails
  1928 | D:3      | Noticed Ijyb
  1948 | D:3      | Blown up by Ijyb

Skill      XL: |  1  2  3  4  5 |
---------------+----------------+-----
Maces & Flails | 4 5 6 7 |  7.2
Fighting       | 4 |  4.1
Armour         | |  2.7
Dodging        | |  2.4
Shields        | |  0.4

Action                   |  1- 3 |  4- 6 || total
-------------------------+-------+-------++-------
Melee: Mace              |   101 |    83 ||   184
       Headbutt          |    14 |    12 ||    26
Invok: Berserk           |     2 |     2 ||     4
       Trog's Hand       |       |     1 ||     1
 Stab: Sleeping          |     3 |     2 ||     5
  Eat: Chunk             |     1 |     7 ||     8
Armor: Animal skin       |     1 |       ||     1
       Leather armour    |    44 |    15 ||    59
       Scale mail        |       |    10 ||    10
Dodge: Dodged            |    84 |    56 ||   140
Block: Buckler           |       |     1 ||     1
